 Dungeon Crawl Stone Soup version 0.29.0-11-gd7f09526c8 (webtiles) character file.

Game seed: 16127519171784304142

117789 Armakuni the Phalangite (level 16, -12/110 (122) HPs)
             Began as a Merfolk Earth Elementalist on Sept 3, 2022.
             Was an Initiate of Gozag.
             Mangled by an entropy weaver simulacrum (35 damage)
             ... on level 1 of the Spider Nest on Sept 4, 2022.
             The game lasted 01:21:54 (26494 turns).

Armakuni the Phalangite (MfEE)                     Turns: 26494, Time: 01:21:54

HP:   -12/110 (122) AC: 15    Str: 14    XL:     16   Next: 75%
MP:   19/19         EV: 23    Int: 16    God:    Gozag
Gold: 1572          SH:  8    Dex: 21    Spells: 19/19 levels left

rFire   . . .      SeeInvis +   a - +5 demon trident (drain)
rCold   . . .      Faith    .   A - +2 buckler
rNeg    . . .      Spirit   .   G - +0 swamp dragon scales
rPois   +          Reflect  .   M - +2 helmet
rElec   +          Harm     .   u - +2 cloak {Will+}
rCorr   .          Rampage  .   s - +0 pair of gloves
Will    +++..      Rnd*Tele +   q - +1 pair of boots {Fly}
Stlth   ++........              R - amulet of regeneration
HPRegen 1.08/turn               W - ring of willpower
MPRegen 0.16/turn               E - ring "Cyphudwo" {Fly rElec Dex+6 SInv}

@: corroded, flying, drained
A: (nimble swimmer 2), mertail, teleportitis 1
a: Renounce Religion, Potion Petition, Call Merchant, Bribe Branch


You were on level 1 of the Spider Nest.
You worshipped Gozag.
Gozag was most pleased with you.
You visited 5 branches of the dungeon, and saw 24 of its levels.
You visited 1 bazaar.
You also visited: Sewer and Ice Cave.

You collected 8623 gold pieces.
You spent 2520 gold pieces at shops.
You paid 4531 gold pieces to Gozag.

Inventory:

Hand Weapons
 a - a +5 demon trident of draining (weapon)
Missiles
 m - 16 boomerangs
 C - 6 silver javelins (quivered)
 Q - 3 curare-tipped darts
Armour
 q - a +1 pair of boots of flying (worn)
 s - a +0 pair of gloves (worn)
 u - a +2 cloak of willpower (worn)
 A - a +2 buckler (worn)
 G - +0 swamp dragon scales (worn)
 M - a +2 helmet (worn)
Jewellery
 E - the ring "Cyphudwo" (right hand) {Fly rElec Dex+6 SInv}
   (You found it in an ice cave)

   [ring of dexterity]

   Dex:       It affects your dexterity (+6).
   rElec:     It insulates you from electricity.
   SInv:      It lets you see invisible.
   Fly:       It grants you flight.
 H - an amulet of reflection
 J - a ring of protection from cold
 R - an amulet of regeneration (around neck)
 W - a ring of willpower (left hand)
Wands
 c - a wand of polymorph (5)
 k - a wand of digging (15)
 n - a wand of mindburst (8)
 B - a wand of flame (23)
 F - a wand of roots (5)
Scrolls
 b - 2 scrolls of immolation
 e - 3 scrolls of blinking
 f - a scroll of brand weapon
 i - a scroll of noise
 j - 7 scrolls of amnesia
 l - 3 scrolls of silence
 o - 2 scrolls of vulnerability
 y - 13 scrolls of teleportation
 z - a scroll of magic mapping
 L - 4 scrolls of enchant armour
 P - a scroll of butterflies
Potions
 d - 3 potions of haste
 g - 5 potions of brilliance
 r - 7 potions of curing
 w - 3 potions of cancellation
 x - 7 potions of magic
 D - a potion of ambrosia
 I - a potion of mutation
 N - 2 potions of lignification
Miscellaneous
 t - a tin of tremorstones (2/2)


   Skills:
 - Level 10.0 Fighting
 - Level 26.2 Polearms
 + Level 4.4 Throwing
 - Level 7.2 Armour
 - Level 18.2 Dodging
 - Level 2.1 Stealth
 - Level 6.0 Shields
 - Level 2.0 Spellcasting
 - Level 1.3 Transmutations
 - Level 2.4 Earth Magic
 - Level 3.0 Evocations


You had 19 spell levels left.
You didn't know any spells.
Your spell library contained the following spells:

 Spells                   Type           Power      Damage    Failure   Level
 Sandblast                Erth           18%        2d7       19%         1
 Passwall                 Tmut/Erth      5%         N/A       34%         2
 Magic Dart               Conj           4%         1d3       43%         1
 Call Imp                 Summ           1%         N/A       58%         2
 Searing Ray              Conj           2%         2d4       58%         2
 Sublimation of Blood     Necr           1%         N/A       58%         2
 Stone Arrow              Conj/Erth      10%        3d7       65%         3
 Mephitic Cloud           Conj/Pois/Air  1%         N/A       82%         3
 Petrify                  Tmut/Erth      7%         N/A       92%         4
 Leda's Liquefaction      Hex/Erth       2%         N/A       96%         4
 Ice Form                 Ice/Tmut       3%         N/A       98%         4
 Anguish                  Hex/Necr       0%         N/A       99%         4
 Fulminant Prism          Conj/Hex       0%         3d6       99%         4
 Hailstorm                Conj/Ice       1%         3d3       99%         4
 Summon Ice Beast         Ice/Summ       1%         N/A       99%         4
 Lee's Rapid Deconstruct  Erth           4%         3d6*      99%         5
 Irradiate                Conj/Tmut      1%         3d12      100%        5
 Iskenderun's Battlesphe  Conj           1%         2d6       100%        5
 Summon Mana Viper        Hex/Summ       1%         N/A       100%        5
 Iron Shot                Conj/Erth      2%         9d2       100%        6
 Statue Form              Tmut/Erth      4%         N/A       100%        6
 Enfeeble                 Hex            0%         N/A       100%        7
 Monstrous Menagerie      Summ           0%         N/A       100%        7
 Spellforged Servitor     Conj/Summ      0%         N/A       100%        7
 Simulacrum               Ice/Necr       Unusable   N/A       N/A         6

Dungeon Overview and Level Annotations

Branches:
Dungeon (15/15)            Temple (1/1) D:5            Lair (5/5) D:8
  Swamp (0/4) Lair:2       Spider (1/4) Lair:3        Slime (0/5) Lair:4
    Orc (2/2) D:10            Elf (0/3) Orc:2        Vaults (0/5) D:14
 Depths (0/4) D:15          Sewer (visited)           IceCv (visited)

Altars:
Ashenzari
Cheibriados
Dithmenos
Elyvilon
Fedhas
Gozag
Hepliaklqana
Kikubaaqudgha
Makhleb
Nemelex Xobeh
Okawaru
Qazlal
Ru
Sif Muna
Trog
Uskayaw
Vehumet
Wu Jian
Xom
Yredelemnul
Zin
The Shining One
Jiyva

Shops:
D:7 (   D:10 (   D:13 [*=   Orc:2 ?([?   Lair:1 (([

Portals:
Abyss: D:7

Annotations:
D:7 2 transporters, raistware's ghost, novice OpCj
D:11 1 exclusion, Erolcha
D:12 1 runed translucent door, Nissa's ghost, journeyman MiFi
Spider:1 DKP's ghost, adept KoBe; Vorhees's ghost, journeyman DjCj


Innate Abilities, Weirdness & Mutations

((You are very nimble when in or above water. (Stealth+, EV+, Speed+++)))
Your lower body shifts to a powerful aquatic tail in water.
You are occasionally teleported next to monsters.


Message History

You puncture the moth of wrath simulacrum!
The moth of wrath simulacrum is heavily damaged.
The boulder beetle curls into a ball and begins rolling!
You hit the moth of wrath simulacrum.
The moth of wrath simulacrum is heavily damaged.
The moth of wrath simulacrum misses you.
You impale the moth of wrath simulacrum!!
The moth of wrath simulacrum vaporises!
You puncture the culicivora simulacrum!
The culicivora simulacrum is moderately damaged.
You block the culicivora simulacrum's attack.
The boulder beetle stops rolling and uncurls.
You puncture the culicivora simulacrum!
The culicivora simulacrum is almost destroyed.
You block the culicivora simulacrum's attack.
You impale the culicivora simulacrum!!
The culicivora simulacrum vaporises!
You hit the boulder beetle but do no damage.
The boulder beetle is lightly wounded.
The boulder beetle is engulfed in freezing vapours.
The boulder beetle leaps!
The entropy weaver simulacrum hits you but does no damage.
The entropy weaver simulacrum completely misses you.
The entropy weaver simulacrum misses you.
You block the entropy weaver simulacrum's attack.
You see here 7 gold pieces.
You impale the entropy weaver simulacrum!!
The entropy weaver simulacrum is severely damaged.
You puncture the entropy weaver simulacrum!
The entropy weaver simulacrum is almost destroyed.
You block the entropy weaver simulacrum's attack.
The entropy weaver simulacrum hits you but does no damage.
The entropy weaver simulacrum hits you.
The entropy weaver simulacrum freezes you!!
* * * LOW HITPOINT WARNING * * *
The entropy weaver simulacrum hits you.
* * * LOW HITPOINT WARNING * * *
The entropy weaver simulacrum freezes you!!
You die...
Your body crumbles into a pile of gold.

#####.###....#
#.....#^^..#
#....#(...#
#####B#..##
##$###..#
##.## #.#
##.## .# ##Z##
. ##@## # #.##
### #. #..


You could see a boulder beetle and an entropy weaver simulacrum.

Vanquished Creatures
  Rupert (D:15)
  Gastronok (Lair:2)
  2 orc warlords (Orc:2)
  An entropy weaver (Spider:1)
  Josephine (D:13)
  A fire dragon (D:15)
  Fannar (D:11)
  A great orb of eyes (D:15)
  An ice dragon (D:15)
  7 hydras
  2 boulder beetles (D:15)
  2 ironbound frosthearts (IceCv)
  2 catoblepae
  6 two-headed ogres
  9 death yaks
  A tengu warrior (D:14)
  5 centaur warriors
  Urug (D:11)
  4 orc high priests (Orc:2)
  Nergalle (D:12)
  Amaemon (D:8)
  3 skeletal warriors (D:12)
  A pharaoh ant (Spider:1)
  An orb spider (Spider:1)
  A steelbarb worm (Spider:1)
  3 lindwurms
  A phantasmal warrior (D:14)
  A deep elf pyromancer (D:12)
  5 orc knights (Orc:2)
  2 wolf spiders (Spider:1)
  2 manticores
  6 orc sorcerers (Orc:2)
  4 cyclopes
  An oklob plant (Lair:4)
  19 ugly things
  A moth of wrath (Spider:1)
  5 elephants
  An ice statue (IceCv)
  8 black mambas
  3 torpor snails
  8 cane toads
  2 gargoyles
  A kobold demonologist (D:7)
  An orange demon (D:9)
  3 efreet
  9 rime drakes
  Maggie (Lair:2)
  9 komodo dragons
  A freezing wraith (D:15)
  2 ice devils (Orc:2)
  A meliai (D:13)
  4 trolls
  Prince Ribbit (D:9)
  2 tarantellas (Spider:1)
  A tyrant leech (Lair:2)
  22 polar bears
  4 hornets (Lair:5)
  A dream sheep (Lair:5)
  6 jumping spiders (Spider:1)
  19 blink frogs
  3 culicivoras (Spider:1)
  11 spriggans (Lair:5)
  A vampire (D:12)
  57 yaks
  Grum (D:9)
  4 wyverns
  7 wraiths
  5 basilisks
  Eustachio (D:5)
  A steam dragon (D:10)
  22 redbacks
  9 vampire mosquitoes
  Menkaure (D:4)
  5 wargs
  Duvessa (D:5)
  14 water moccasins
  2 ice beasts
  7 black bears
  28 orc warriors
  4 sky beasts
  47 wolves
  6 ogres
  4 boggarts (Lair:5)
  3 centaurs
  A phantom (D:6)
  5 kobold brigands
  7 bullfrogs
  A necrophage (D:6)
  A gnoll sergeant (D:6)
  A scorpion (D:7)
  2 jellies
  22 orc priests
  5 hounds
  A gnoll bouda (D:4)
  4 hell rats (Lair:1)
  Natasha (thrice) (D:3)
  4 iguanas
  32 orc wizards
  9 gnolls
  10 adders
  5 river rats (Sewer)
  A shadow imp (D:8)
  2 white imps
  A worm (D:3)
  2 dart slugs (D:4)
  96 orcs
  2 bats (D:1)
  11 endoplasms
  4 giant cockroaches
  5 goblins
  7 hobgoblins
  2 jackals (D:4)
  8 kobolds
  6 quokkas
  10 ball pythons
  4 frilled lizards
  10 rats
745 creatures vanquished.

Vanquished Creatures (collateral kills)
  The ghost of carontestyx the Unseen, a journeyman KoBr of Uskayaw (Lair:2)
  A hydra (Lair:2)
  A black mamba (Lair:2)
  An orc warrior (Orc:2)
  An ogre (D:6)
  A wolf (Lair:2)
  2 hell rats (Lair:1)
  An orc (Orc:2)
  A giant cockroach (D:5)
10 creatures vanquished.

Vanquished Creatures (others)
  A hydra (Lair:2)
  A hornet (Lair:5)
  A redback (Spider:1)
  An orc warrior (Orc:2)
  2 wolves (Lair:5)
  A centaur (D:5)
  Dowan (D:5)
  A hell rat (Lair:1)
  An orc (Orc:2)
  36 fungi
  48 plants
94 creatures vanquished.

Grand Total: 849 creatures vanquished

Notes
Turn   | Place    | Note
-------+----------+-------------------------------------------
     0 | D:1      | Armakuni the Merfolk Earth Elementalist began the quest for
                  | the Orb.
     0 | D:1      | Reached XP level 1. HP: 13/13 MP: 3/3
   123 | D:1      | Reached skill level 1 in Fighting
   397 | D:1      | Reached XP level 2. HP: 21/21 MP: 1/5
   472 | D:1      | Reached skill level 1 in Polearms
   731 | D:1      | Reached skill level 2 in Polearms
   963 | D:2      | Reached XP level 3. HP: 26/26 MP: 6/6
  1080 | D:2      | Reached skill level 3 in Polearms
  1491 | D:2      | Found a snail-covered altar of Cheibriados.
  1500 | D:2      | Identified the +2 robe of the Blizzard {+Blink rN+ Int+8
                  | Stlth-}
  1706 | D:3      | Noticed Natasha
  1767 | D:3      | Killed Natasha
  1768 | D:3      | Reached skill level 4 in Polearms
  1768 | D:3      | Reached XP level 4. HP: 11/32 MP: 7/7
  1818 | D:3      | Noticed Natasha
  1833 | D:3      | Killed Natasha
  1834 | D:3      | Reached skill level 5 in Polearms
  1842 | D:3      | Noticed Natasha
  1854 | D:3      | Killed Natasha
  1855 | D:3      | Reached XP level 5. HP: 34/37 MP: 8/8
  2212 | D:3      | Found a stormy altar of Qazlal.
  2347 | D:4      | Noticed Menkaure
  2398 | D:4      | Found an ornate altar of the Wu Jian Council.
  2434 | D:4      | Reached skill level 6 in Polearms
  2434 | D:4      | Reached skill level 1 in Shields
  2703 | D:4      | Reached XP level 6. HP: 43/43 MP: 9/9
  2956 | D:4      | Reached skill level 7 in Polearms
  3210 | D:5      | Entered Level 5 of the Dungeon
  3214 | D:5      | Noticed Duvessa
  3214 | D:5      | Noticed Dowan
  3250 | D:4      | Killed Menkaure
  3251 | D:4      | Reached XP level 7. HP: 13/48 MP: 10/10
  3412 | D:5      | Found a staircase to the Ecumenical Temple.
  3443 | Temple   | Entered the Ecumenical Temple
  3451 | Temple   | Became a worshipper of Gozag Ym Sagoz the Greedy
  3473 | D:5      | Reached skill level 8 in Polearms
  3765 | D:5      | Found a glowing drain.
  3777 | Sewer    | Entered a sewer
  3913 | Sewer    | Reached skill level 9 in Polearms
  4024 | Sewer    | Reached XP level 8. HP: 29/54 MP: 11/11
  4216 | Sewer    | Reached skill level 10 in Polearms
  4430 | D:5      | Your ally Dowan died
  4436 | D:5      | Killed Duvessa
  4437 | D:5      | Reached skill level 11 in Polearms
  4830 | D:6      | Reached skill level 12 in Polearms
  4917 | D:6      | Noticed Eustachio
  4997 | D:5      | Reached XP level 9. HP: 50/66 MP: 12/12
  5132 | D:5      | Reached skill level 5 in Fighting
  5330 | D:5      | Killed Eustachio
  5663 | D:6      | Found a glowing silver altar of Zin.
  5666 | D:6      | Found a bloodstained altar of Trog.
  5666 | D:6      | Found a broken altar of Ashenzari.
  5870 | D:7      | Found a transporter.
  5874 | D:7      | Found a one-way gate to the infinite horrors of the Abyss.
  5874 | D:7      | Noticed raistware's ghost (novice OpCj)
  6018 | D:7      | Found a transporter.
  6521 | D:8      | Noticed a kobold demonologist
  6524 | D:8      | Noticed an ice devil
  6543 | D:7      | Killed a kobold demonologist
  6629 | D:8      | Noticed a two-headed ogre
  6646 | D:8      | Killed a two-headed ogre
  6647 | D:8      | Reached skill level 10 in Fighting
  6647 | D:8      | Reached XP level 10. HP: 34/85 MP: 13/13
  6814 | D:8      | Found a staircase to the Lair.
  7347 | D:8      | Reached XP level 11. HP: 90/90 MP: 14/14
  7445 | D:9      | Reached skill level 10 in Dodging
  7451 | D:9      | Reached skill level 1 in Evocations
  7509 | D:9      | Noticed Grum
  7620 | D:9      | Noticed Amaemon
  7664 | D:8      | Killed Amaemon
  7746 | D:9      | Noticed a two-headed ogre
  7765 | D:9      | Killed a two-headed ogre
  7766 | D:9      | Reached skill level 5 in Shields
  7766 | D:9      | Reached XP level 12. HP: 89/97 MP: 15/15
  7767 | D:9      | Noticed Prince Ribbit
  7792 | D:9      | Killed Prince Ribbit
  7839 | D:9      | Killed Grum
  8014 | D:9      | Found an iron altar of Okawaru.
  8157 | D:10     | Entered Level 10 of the Dungeon
  8186 | D:10     | Noticed a two-headed ogre
  8197 | D:10     | Killed a two-headed ogre
  8198 | D:10     | Reached skill level 13 in Polearms
  8448 | D:10     | Found a staircase to the Orcish Mines.
  8544 | D:10     | Found a hide-covered altar of Uskayaw.
  8888 | D:10     | Bought a twisted trident for 263 gold pieces
  8888 | D:10     | Identified the +8 trident "Usuo" {pain, *Corrode rPois rC-
                  | Int+7} (You bought it in a shop on level 10 of the Dungeon)
  8932 | D:11     | Noticed Erolcha
  9058 | D:11     | Noticed a two-headed ogre
  9059 | D:11     | Noticed Urug
  9061 | D:11     | Noticed Fannar
  9073 | D:11     | Killed a two-headed ogre
  9074 | D:11     | Reached skill level 14 in Polearms
  9114 | D:11     | Killed Urug
  9130 | D:11     | Killed Fannar
  9705 | D:12     | Noticed Nergalle
  9729 | D:12     | Killed Nergalle
 10050 | Lair:1   | Entered Level 1 of the Lair of Beasts
 10088 | Lair:1   | Reached skill level 15 in Polearms
 10568 | Lair:1   | Reached XP level 13. HP: 103/103 MP: 16/16
 10643 | Lair:1   | Reached skill level 16 in Polearms
 11031 | Lair:2   | Noticed Gastronok
 11182 | Lair:2   | Killed Gastronok
 11439 | Lair:2   | Reached skill level 17 in Polearms
 11628 | Lair:2   | Noticed Maggie
 11640 | Lair:2   | Killed Maggie
 11672 | Lair:2   | Noticed carontestyx's ghost (journeyman KoBr)
 11674 | Lair:2   | Found a runed translucent door.
 11703 | Lair:2   | Found a staircase to the Swamp.
 12398 | Lair:2   | Reached skill level 15 in Dodging
 12762 | Lair:2   | Reached skill level 18 in Polearms
 12915 | Lair:2   | Killed carontestyx's ghost
 13143 | Lair:3   | Found a hole to the Spider Nest.
 13462 | Lair:3   | Reached XP level 14. HP: 107/110 MP: 17/17
 13606 | Lair:3   | Found a snail-covered altar of Cheibriados.
 14753 | Lair:4   | Found a glowing golden altar of the Shining One.
 15396 | Lair:4   | Found a viscous altar of Jiyva.
 15396 | Lair:4   | Found a staircase to the Slime Pits.
 15425 | Lair:5   | Entered Level 5 of the Lair of Beasts
 15486 | Lair:5   | Reached skill level 19 in Polearms
 15502 | Lair:5   | Identified the +6 mace of the Foot {drain, rPois}
 15604 | Lair:5   | Noticed Sonja
 15606 | Lair:5   | Noticed Sonja
 15606 | Lair:5   | Sonja changed into Sonja the rime drake
 15617 | Lair:5   | Killed Sonja the rime drake
 16545 | Lair:5   | Reached skill level 20 in Polearms
 17491 | Orc:1    | Entered Level 1 of the Orcish Mines
 17834 | Orc:2    | Entered Level 2 of the Orcish Mines
 17834 | Orc:2    | Noticed an orc warlord
 17866 | Orc:2    | Killed an orc warlord
 17867 | Orc:2    | Reached XP level 15. HP: 64/115 MP: 18/18
 18075 | Orc:2    | Reached skill level 21 in Polearms
 18108 | Orc:2    | HP: 2/115 [hellwing[an orc high priest] (7)]
 18455 | Orc:2    | Found a frozen archway.
 18458 | Orc:2    | Noticed an orc warlord
 18471 | IceCv    | Entered an ice cave
 19092 | IceCv    | Reached skill level 22 in Polearms
 19505 | IceCv    | Identified the ring "Cyphudwo" {Fly rElec Dex+6 SInv}
 19799 | Orc:2    | Killed an orc warlord
 20130 | Orc:2    | Reached skill level 23 in Polearms
 20387 | Orc:2    | Gained mutation: You are occasionally teleported next to
                  | monsters. [a neqoxec]
 20467 | Orc:2    | Found a staircase to the Elven Halls.
 20758 | Orc:2    | Found Jeprividgh's Magic Scroll Shop.
 20758 | Orc:2    | Found Qoileke's Magic Scroll Shop.
 20759 | Orc:2    | Found Eruyk's Armour Emporium.
 20759 | Orc:2    | Found Laira Lueshra's Antique Weapon Emporium.
 20766 | Orc:2    | Bought a scroll of blinking for 105 gold pieces
 20766 | Orc:2    | Bought a scroll of blinking for 105 gold pieces
 20779 | Orc:2    | Bought a scroll of teleportation for 48 gold pieces
 20779 | Orc:2    | Bought a scroll of immolation for 64 gold pieces
 20965 | Lair:1   | Bought a heavily runed scale mail for 324 gold pieces
 20965 | Lair:1   | Identified the +0 scale mail of the Cuttlefish {Regen+}
                  | (You bought it in a shop on level 1 of the Lair of Beasts)
 20970 | Lair:1   | Bought a dazzling scale mail for 324 gold pieces
 20970 | Lair:1   | Identified the +1 scale mail of the Pleiades {Str+2} (You
                  | bought it in a shop on level 1 of the Lair of Beasts)
 20973 | Lair:1   | Bought a faintly glowing plate armour for 1008 gold pieces
 20973 | Lair:1   | Identified the +1 plate armour of the Will of the Gods
                  | {Rampage Str-4 Int+4 Dex+4} (You bought it in a shop on
                  | level 1 of the Lair of Beasts)
 21186 | D:12     | Reached skill level 24 in Polearms
 21491 | D:12     | Found a runed translucent door.
 21494 | D:12     | Noticed Nissa's ghost (journeyman MiFi)
 21712 | D:13     | Noticed Josephine
 21864 | D:13     | Found Ynylem's Armour Shop.
 21999 | D:13     | Reached XP level 16. HP: 78/121 MP: 19/19
 22163 | D:13     | Identified the +6 leather armour "Kuecac" {rN+ rCorr}
 22229 | D:13     | Killed Josephine
 22369 | D:13     | Found a flickering gateway to a bazaar.
 22378 | Bazaar   | Entered a bazaar
 22399 | Bazaar   | Found Tiufrebb's Armour Emporium.
 22415 | Bazaar   | Found Zegitaha's Armour Shoppe.
 22415 | Bazaar   | Found Dulij's Antique Armour Emporium.
 22437 | Bazaar   | Found Qutuacer's Armour Shoppe.
 22437 | Bazaar   | Found Seesmi Byuw's Book Emporium.
 22503 | Bazaar   | Bought a +2 cloak of willpower for 258 gold pieces
 22725 | D:13     | Found Popp's Assorted Antiques.
 22728 | D:13     | Bought a scroll labelled ZIOH ZA TINA for 21 gold pieces
 22883 | D:13     | Found Alixiut's Jewellery Shop.
 23175 | D:14     | Reached skill level 25 in Polearms
 23220 | D:14     | Found a gate to the Vaults.
 24341 | D:15     | Entered Level 15 of the Dungeon
 24547 | D:15     | Found a staircase to the Depths.
 25150 | D:15     | Noticed Rupert
 25191 | D:15     | Killed Rupert
 25192 | D:15     | Reached skill level 26 in Polearms
 26052 | Spider:1 | Entered Level 1 of the Spider Nest
 26098 | Spider:1 | Noticed Vorhees's ghost (journeyman DjCj)
 26105 | Spider:1 | Noticed DKP's ghost (adept KoBe)
 26255 | Spider:1 | Reached skill level 1 in Throwing
 26494 | Spider:1 | Mangled by an entropy weaver simulacrum

Illustrated notes

Levels and vault maps discovered:
D:1:      minmay_arrival_up_and_down, layout_basic
D:2:      layout_basic, basic_altar, serial_park_tiny_pond
D:3:      layout_rooms, nicolae_overflow_crystal_walls, minmay_strange_pillars,
          uniq_natasha
D:4:      layout_loops_ring, pdpol_wu_jian_five_deadly_venoms, uniq_menkaure
D:5:      layout_loops_ring, temple_green, portal_sewer_entry_f, uniq_duvessa
D:6:      layout_rooms, nicolae_overflow_hidden_temple, uniq_eustachio
D:7:      layout_basic, gammafunk_ghost_abyssal_escape
D:8:      layout_gridville, minmay_lair_entry_grove
D:9:      layout_cave_pools, lemuel_tele_altar, uniq_grum, uniq_amaemon,
          uniq_prince_ribbit1
D:10:     nicolae_BIG_FREAKIN_CUBE, layout_gridville, kennysheep_mini
D:11:     layout_roguey, kennysheep_decorative_pillar, uniq_fannar,
          uniq_erolcha, uniq_urug
D:12:     layout_long_grid, ebering_ghost_inner_flame, uniq_nergalle
D:13:     layout_gridville, serial_shops, bzr_firewalk, shop_statue, shop, shop,
          st_stairs_4, uniq_josephine
D:14:     layout_cave_pods, david_vaults_4, kennysheep_path_1
D:15:     grunt_enter_depths_hoard, layout_layer_cave, chequers_garden,
          serial_glass, glass_columns_b, glass_columns_a, uniq_rupert
Temple:   minmay_freezing_vapour_temple
Lair:1:   layout_cave_pods, cheibrodos_lair_lostbears
Lair:2:   nzn_winding_woodlands_large [nzn_winding_woodlands_5x5_checkerboard,
          nzn_winding_woodlands_5x15_jagged,
          nzn_winding_woodlands_5x5_closed_star,
          nzn_winding_woodlands_center_triple_pond,
          nzn_winding_woodlands_15x15_boxy_spiral,
          nzn_winding_woodlands_center_pierced_h,
          nzn_winding_woodlands_5x5_open_star,
          nzn_winding_woodlands_5x15_river_crossing,
          nzn_winding_woodlands_5x5_cross], layout_cave_shapes,
          minmay_swamp_entry_worms, hellmonk_ghost_happy_afterlife,
          wad_woods_road_04, serial_bayou_shore_b, uniq_gastronok, uniq_maggie
Lair:3:   layout_regular_city, spider_nest_entry_rubble,
          kennysheep_snail_temple, serial_bayou_shore_b
Lair:4:   layout_layer_cave, dpeg_slime_entry_corner, lemuel_oklob_altar
Lair:5:   minmay_lair_end_enchanted_forest, layout_regular_city, uniq_sonja
Spider:1: layout_cave_pods, nzn_ghost_randoct
Orc:1:    layout_diamond_mine, mines2_david
Orc:2:    st_orc_elflike, layout_diamond_mine, portal_ice_cave_demonic_guard

Skill      XL: |  1  2  3  4  5  6  7  8  9 10 11 12 13 14 15 16 |
---------------+-------------------------------------------------+-----
Fighting       | 1 4 10 | 10.0
Polearms       | 2 4 5 6 7 9 12 15 18 20 24 26 | 26.2
Shields        | 1 3 4 5 6 |  6.0
Dodging        | 6 9 10 12 15 18 | 18.2
Armour         | 7 |  7.2
Evocations     | 3 |  3.0
Throwing       | 4 |  4.4
Stealth        | |  2.1
Spellcasting   | |  2.0
Transmutations | |  1.3
Earth Magic    | |  2.4

Action                   |  1- 3 |  4- 6 |  7- 9 | 10-12 | 13-15 | 16-18 || total
-------------------------+-------+-------+-------+-------+-------+-------++-------
Melee: Spear             |   111 |   286 |   608 |   428 |     5 |       ||  1438
       Tailslap          |       |       |    14 |       |       |       ||    14
       Unarmed           |       |       |    31 |       |       |       ||    31
       Trident           |       |       |       |   164 |  1881 |       ||  2045
       Demon trident     |       |       |       |       |   409 |   531 ||   940
Throw: Dart              |     2 |     6 |    12 |     6 |    23 |     3 ||    52
       Javelin           |       |       |       |       |     2 |     8 ||    10
 Cast: Sandblast         |     8 |       |       |       |       |       ||     8
Invok: Call Merchant     |       |       |     1 |     1 |     3 |       ||     5
Evoke: Wand              |       |       |    10 |     9 |    26 |     6 ||    51
       Tin of tremorston |       |       |       |       |     3 |       ||     3
  Use: Scroll            |     7 |     2 |     2 |     7 |    20 |     4 ||    42
       Potion            |       |     6 |     8 |     9 |     5 |       ||    28
 Stab: Sleeping          |     2 |       |     4 |     2 |       |     1 ||     9
       Distracted        |     1 |       |     3 |     3 |    23 |     6 ||    36
       Confused          |       |       |     1 |       |       |       ||     1
Armor: Ring mail         |    26 |    61 |   100 |       |       |       ||   187
       Skin              |       |    10 |    55 |       |       |       ||    65
       Troll leather arm |       |       |     9 |    50 |    32 |       ||    91
       Swamp dragon scal |       |       |       |       |   379 |    86 ||   465
Dodge: Dodged            |    54 |    93 |   180 |   159 |  1155 |   267 ||  1908
Block: Buckler           |       |    35 |   100 |    64 |   377 |   115 ||   691
